 Dungeon Crawl Stone Soup version 0.21.0-26-g889b8f6 (webtiles) character file.

94 komo4ek the Slasher (level 4, 0/33 HPs)
             Began as a Demonspawn Gladiator on Jan 27, 2018.
             Succumbed to a kobold's poison
             ... on level 2 of the Dungeon.
             The game lasted 00:02:35 (1686 turns).

komo4ek the Slasher (Demonspawn Gladiator)          Turns: 1686, Time: 00:02:36

Health: 0/33       AC: 10    Str: 16    XL:     4   Next: 38%
Magic:  4/4        EV: 12    Int:  9    God:
Gold:   16         SH:  0    Dex: 19    Spells: 3/3 levels left

rFire    + . .     SeeInvis .   a - +0 long sword
rCold    + . .     Gourm    .   (no shield)
rNeg     . . .     Faith    .   k - +0 chain mail
rPois    +         Spirit   .   c - +0 helmet
rElec    +         Reflect  .   (no cloak)
rCorr    +         Harm     .   (no gloves)
MR       .....                  n - +0 pair of boots
Stlth    ..........             (no amulet)
HPRegen  0.11/turn              (no ring)
MPRegen  0.09/turn              (no ring)

@: agile, lethally poisoned (0 -> -9), resistant, berserk cooldown, slowed,
drained, very slow
A: talons 1
a: no special abilities


You were on level 2 of the Dungeon.
You were not hungry.

You visited 1 branch of the dungeon, and saw 2 of its levels.

You collected 16 gold pieces.

Inventory:

Hand Weapons
 a - a +0 long sword (weapon)
Missiles
 d - 3 throwing nets (quivered)
Armour
 c - a +0 helmet (worn)
 k - a +0 chain mail (worn)
 n - a +0 pair of boots (worn)
Scrolls
 e - 2 scrolls of noise {unknown}
 h - 3 scrolls of blinking {unknown}
 i - 2 scrolls of remove curse {unknown}
 j - 4 scrolls of identify {unknown}
 l - 2 scrolls of teleportation {unknown}


   Skills:
 - Level 2.0(1.2) Fighting
 + Level 4.8(4.0) Long Blades
 - Level 1.7(1.0) Throwing
 - Level 2.6(1.9) Dodging


You had 3 spell levels left.
You didn't know any spells.

Dungeon Overview and Level Annotations

Branches:
Dungeon (2/15)

Altars:


Innate Abilities, Weirdness & Mutations

You have sharp toenails.


Message History

There is a lethal amount of poison in your body!
You eat the ration.
That ration really hit the spot!
* * * LOW HITPOINT WARNING * * *
You feel sick.
There is a lethal amount of poison in your body!
There is a lethal amount of poison in your body!
It was a potion of resistance.
You feel protected.
* * * LOW HITPOINT WARNING * * *
You feel sick.
It was a potion of agility.
You feel agile all of a sudden.
* * * LOW HITPOINT WARNING * * *
You feel sick.
* * * LOW HITPOINT WARNING * * *
You feel sick.
* * * LOW HITPOINT WARNING * * *
You feel sick.
There is an open door here.
You die...

##.# #.####.# ###.##
#.############ #.#....# #.....
##............###†#..#.#####.#.#.
.............................#...
#.##########################.#.##
#....................... #.#'##
#.####.####.####(####.# #.....
#.#..'.'..#.#..'.'.)# #.....
#.#..#.#..#.#..#@#..# #.....
#.#'##.#)##.#'##.#'## #.....
#......)..........)....... #<....
#.#'##.#'##.#'##.#'##.#'## #.....
#.#..#.#..#.#..#.#.. # #.....
#.#.⌠#.#..'.'..#.#..+ #.....
#.####.####.####.#### #.[...
#..........[....... #.....
################### #.....


There were no monsters in sight!

Vanquished Creatures
  Jessica (D:2)
  4 adders (D:2)
  An ooze (D:2)
  A dart slug (D:1)
  5 bats
  4 goblins
  A hobgoblin (D:1)
  3 jackals (D:1)
  A frilled lizard (D:1)
  7 kobolds
  2 rats (D:1)
30 creatures vanquished.

Notes
Turn   | Place    | Note
-------+----------+-------------------------------------------
     0 | D:1      | komo4ek the Demonspawn Gladiator began the quest for the Orb.
     0 | D:1      | Reached XP level 1. HP: 16/16 MP: 1/1
   166 | D:1      | Reached skill level 3 in Long Blades
   288 | D:1      | Gained mutation: You have sharp toenails. [demonic ancestry]
   288 | D:1      | Reached XP level 2. HP: 18/22 MP: 2/2
   884 | D:2      | Noticed Jessica
   900 | D:2      | Reached XP level 3. HP: 17/27 MP: 3/3
   903 | D:2      | Killed Jessica
   903 | D:2      | Reached skill level 4 in Long Blades
  1263 | D:2      | Reached XP level 4. HP: 19/33 MP: 4/4
  1686 | D:2      | Succumbed to a kobold's poison

Skill      XL: |  1  2  3 |
---------------+----------+-----
Long Blades    | 3 4 |  4.8
Fighting       | |  2.0
Throwing       | |  1.7
Dodging        | |  2.6

Action                   |  1- 3 |  4- 6 || total
-------------------------+-------+-------++-------
Melee: Long sword        |    77 |    30 ||   107
       Kick              |    13 |     5 ||    18
  Use: Potion            |     1 |     3 ||     4
 Stab: Sleeping          |     1 |       ||     1
  Eat: Chunk             |     1 |       ||     1
       Ration            |       |     1 ||     1
Armor: Leather armour    |    18 |       ||    18
       Chain mail        |    34 |    21 ||    55
Dodge: Dodged            |    44 |    12 ||    56
       Rpst.: Long sword |    11 |     5 ||    16
